 Dungeon Crawl Stone Soup version 0.18-b1-22-ge198996 (webtiles) character file.

175 GFox the Skirmisher (level 5, 0/47 HPs)
             Began as a Hill Orc Fighter on May 3, 2016.
             Was an Initiate of Beogh.
             Slain by an ogre
             ... wielding a +0 giant club
              (2 damage)
             ... on level 4 of the Dungeon.
             The game lasted 00:23:55 (2636 turns).

GFox the Skirmisher (Hill Orc Fighter)              Turns: 2636, Time: 00:23:56

Health: 0/47       AC: 10    Str: 24      XL:     5   Next: 55%
Magic:  5/5        EV:  8    Int:  8      God:    Beogh [......]
Gold:   127        SH: 10    Dex:  9 (10) Spells: 0 memorised, 4 levels left

rFire  . . .     SeeInvis .     h - +0 hand axe (flame)
rCold  . . .     Gourm    .     b - +0 scale mail
rNeg   . . .     Faith    .     c - +0 shield
rPois  .         Spirit   .     (no helmet)
rElec  .         Dismiss  .     p - +0 cloak
rCorr  .         Reflect  .     e - +1 pair of gloves
SustAt .         Harm     .     (no boots)
MR     .....                    (no amulet)
Stlth  ..........               (no ring)
                                n - +4 ring of strength

@: not resistant to hostile enchantments, extremely unstealthy
A: deterioration 1, evolution 1, subdued magic 1
a: Renounce Religion


You were on level 4 of the Dungeon.
You worshipped Beogh.
Beogh was noncommittal.
You were not hungry.

You visited 1 branch of the dungeon, and saw 4 of its levels.

You collected 127 gold pieces.

Inventory:

Hand Weapons
 h - a +0 hand axe of flaming (weapon)
Armour
 b - a +0 scale mail (worn)
 c - a +0 shield (worn)
 e - a +1 pair of gloves (worn)
 p - a +0 cloak (worn)
Jewellery
 n - a +4 ring of strength (left hand)
Scrolls
 a - 2 scrolls of fear {unknown}
 i - a scroll of magic mapping {unknown}
 j - a scroll of teleportation
 k - a scroll of recharging
 m - 2 scrolls of identify
 s - a scroll of blinking {unknown}
Potions
 d - a potion of might
 o - a potion of haste {unknown}
 q - a potion of agility
Comestibles
 f - 3 bread rations
 l - 2 chunks of flesh
 r - a meat ration


   Skills:
 + Level 4.6 Fighting
 + Level 3.6 Axes
 + Level 3.9 Armour
 + Level 1.7 Dodging
 + Level 4.5 Shields


You had 4 spell levels left.
You didn't know any spells.

Dungeon Overview and Level Annotations

Branches:
Dungeon (4/15)
 Temple: D:4-7

Altars:
Makhleb
Yredelemnul


Innate Abilities, Weirdness & Mutations

Your body sometimes deteriorates upon taking damage.
You evolve.
Your spells are a little easier to cast, but a little less powerful.


Message History

The giant frog skeleton barely misses you.
The jackal bites you.
* * * LOW HITPOINT WARNING * * *
Drink which item? (? for menu, Esc to quit)
You feel better. The worker ant bites you.
* * * LOW HITPOINT WARNING * * *
You block the jackal's attack. The giant frog skeleton hits you.
* * * LOW HITPOINT WARNING * * *
The ogre hits you with a giant club!
* * * LOW HITPOINT WARNING * * *
You completely miss the ogre.
The ogre is heavily wounded.
You hit the giant frog skeleton. You burn the giant frog skeleton.
You barely miss the jackal. You closely miss the worker ant.
The worker ant is almost dead.
You block the jackal's attack.
You block the giant frog skeleton's attack.
You block the worker ant's attack. The jackal barely misses you.
The ogre hits you with a giant club.
You die...

. ... ....#
#####
.o..hh#...#
#hO@..#
#.Zha......
#..........
+..#.#######
##.#.# ..#.#
## #.. #..


You could see an ogre, a worker ant, an orc (wandering), 4 jackals and a giant
frog skeleton.

Vanquished Creatures
  A crimson imp (D:3)
  A hound (D:4)
  Ijyb (D:3)
  4 adders
  2 dart slugs
  An orc (D:3)
  7 bats
  2 giant cockroaches (D:3)
  4 goblins
  5 hobgoblins
  4 jackals (D:2)
  5 kobolds
  5 giant newts
  6 rats
48 creatures vanquished.

Notes
Turn   | Place    | Note
--------------------------------------------------------------
     0 | D:1      | GFox the Hill Orc Fighter began the quest for the Orb.
     0 | D:1      | Reached XP level 1. HP: 19/19 MP: 1/1
   379 | D:1      | Reached XP level 2. HP: 27/27 MP: 2/2
  1019 | D:2      | Reached XP level 3. HP: 28/33 MP: 3/3
  1184 | D:2      | Found a basalt altar of Yredelemnul.
  1713 | D:2      | Gained mutation: You evolve. [potion of mutation]
  1713 | D:2      | Gained mutation: Your body sometimes deteriorates upon taking damage. [potion of mutation]
  1713 | D:2      | Gained mutation: Your spells are a little easier to cast, but a little less powerful. [potion of mutation]
  1857 | D:3      | Reached XP level 4. HP: 39/40 MP: 4/4
  1885 | D:3      | Reached skill level 1 in Dodging
  1951 | D:3      | Became a worshipper of Beogh the Brigand
  2152 | D:3      | Found a burning altar of Makhleb.
  2267 | D:3      | Noticed Ijyb
  2290 | D:3      | Killed Ijyb
  2290 | D:3      | Reached XP level 5. HP: 42/47 MP: 5/5
  2627 | D:4      | Noticed an ogre
  2635 | D:4      | HP: 2/47 [ogre/giant club (9)]
  2636 | D:4      | Slain by an ogre

Skill      XL: |  1  2  3  4 |
---------------+-------------+-----
Fighting       | 4 |  4.6
Shields        | 4 |  4.5
Axes           | 3 |  3.6
Dodging        | 1 |  1.7
Armour         | |  3.9

Action                   |  1- 3 |  4- 6 || total
-------------------------+-------+-------++-------
Melee: War axe           |   154 |     5 ||   159
       Hand axe          |       |   118 ||   118
Invok: Convert to Beogh  |       |     1 ||     1
  Use: Potion            |     4 |     1 ||     5
       Scroll            |     4 |       ||     4
  Eat: Chunk             |     3 |       ||     3
       Meat ration       |     1 |       ||     1
Armor: Scale mail        |    87 |    53 ||   140
Dodge: Dodged            |    61 |    50 ||   111
Block: Shield            |    98 |    64 ||   162
